 Dungeon Crawl Stone Soup version 0.23.0 (webtiles) character file.

Game seed: 5158347053611653244

10472 XomChosenOne the Carver (level 11, 0/84 HPs)
             Began as a Mummy Chaos Knight on Feb 14, 2019.
             Was a Plaything of Xom.
             Slain by a thrashing horror (10 damage)
             ... on level 2 of the Abyss.
             The game lasted 00:40:03 (15412 turns).

XomChosenOne the Carver (Mummy Chaos Knight)       Turns: 15412, Time: 00:40:04

Health: 0/84       AC: 19    Str: 19      XL:     11   Next: 36%
Magic:  14/22      EV:  6    Int: 15      God:    Xom [......]
Gold:   501        SH: 14    Dex: 10 (11) Spells: 24/25 levels left

rFire    x . .     SeeInvis +   A - +0 scimitar
rCold    + . .     Gourm    .   y - +0 shield
rNeg     + + +     Faith    .   q - +4 plate armour
rPois    ∞         Spirit   .   o - +0 helmet
rElec    +         Reflect  +   C - +0 cloak
rCorr    .         Harm     .   (no gloves)
MR       ++...                  (no boots)
Stlth    ..........             g - amulet of Sukk {Reflect rElec Str+3 SH+4}
HPRegen  0.24/turn              b - ring of protection from magic
MPRegen  0.18/turn              u - ring of see invisible

@: about to teleport
A: no food or potions, fire vulnerability, cold resistance 1, negative energy
resistance 3, torment resistance, unbreathing
a: Renounce Religion


You were on level 2 of the Abyss.
You worshipped Xom.
You were a very special plaything of Xom.
You were not hungry.

You visited 4 branches of the dungeon, and saw 14 of its levels.
You visited the Abyss 1 time.

You collected 792 gold pieces.
You spent 291 gold pieces at shops.

Inventory:

Hand Weapons
 a - a +0 falchion of chaos
 l - a +0 rapier
 n - a +1 dagger of venom
 x - the +8 war axe "Sonuuh" {elec, Str+3}
   (You found it on level 7 of the Dungeon)

   Occasionally, upon striking a foe, it will discharge some electrical energy
   and cause terrible harm.
   It affects your strength (+3).
 A - a +0 scimitar (weapon)
Armour
 e - the +4 ring mail of the Vaults {Dex+2}
   (You found it on level 9 of the Dungeon)

   It affects your dexterity (+2).
 o - a +0 helmet (worn)
 q - a +4 plate armour (worn)
 y - a +0 shield (worn)
 B - the +1 scale mail of Autotheism {rC+ Dex+3}
   (You bought it in a shop on level 7 of the Dungeon)

   It affects your dexterity (+3).
   It protects you from cold.
 C - a +0 cloak (worn)
 E - the -2 pair of boots "Daonin" {rN+ Int+3 Stlth+}
   (Xom gifted it to you on level 9 of the Dungeon)

   It affects your intelligence (+3).
   It protects you from negative energy.
   It makes you more stealthy.
Jewellery
 b - a ring of protection from magic (left hand)
 c - an uncursed ring of protection from cold
 g - the amulet of Sukk (around neck) {Reflect rElec Str+3 SH+4}
   (Xom gifted it to you on level 3 of the Dungeon)

   [amulet of reflection]

   It shields you and reflects attacks.
   It affects your strength (+3).
   It insulates you from electricity.
   It affects your SH (+4).
 u - a ring of see invisible (right hand)
 z - an uncursed ring of magical power
Wands
 r - a wand of flame (64)
 t - a wand of iceblast (3)
 w - a wand of paralysis (8)
Scrolls
 d - 3 scrolls of amnesia
 f - 2 scrolls of enchant weapon
 i - 7 scrolls of remove curse
 j - 2 scrolls of magic mapping
 k - 6 scrolls of enchant armour
 m - 3 scrolls of fog
 p - 4 scrolls of fear
 s - a scroll of identify
 F - a scroll of vulnerability {unknown}
 H - a scroll of random uselessness {unknown}
Miscellaneous
 v - a phial of floods
 D - a sack of spiders


   Skills:
 + Level 7.4 Fighting
 * Level 8.4 Long Blades
 + Level 5.7 Armour
 + Level 5.3 Dodging
 * Level 5.8 Shields
 + Level 7.6 Spellcasting
 + Level 3.4 Necromancy


You had 24 spell levels left.
You knew the following spells:

 Your Spells              Type           Power        Failure   Level  Hunger
a - Animate Skeleton      Necr           N/A          96%         1    N/A

Your spell library contained the following spells:

 Spells                   Type           Power        Failure   Level  Hunger
 Apportation              Tloc           #.....       100%        1    N/A
 Confusing Touch          Hex            #.....       100%        1    N/A
 Summon Small Mammal      Summ           #...         100%        1    N/A

Dungeon Overview and Level Annotations

Branches:
Dungeon (10/15)            Temple (1/1) D:4            Lair (1/6) D:9
    Orc (2/2) D:10            Elf (0/3) Orc:2

Altars:
Ashenzari
Dithmenos
Gozag
Kikubaaqudgha
Nemelex Xobeh
Qazlal
Trog
Wu Jian
Xom
Yredelemnul
Zin
The Shining One

Shops:
D:7 [   D:8 *(!

Annotations:
D:8 2 transporters, crawlian's ghost, novice DEFE
Lair:1 Joseph


Innate Abilities, Weirdness & Mutations

You do not eat or drink.
Your flesh is vulnerable to fire.
You are immune to poison.
Your flesh is cold resistant. (rC+)
You are immune to negative energy. (rN+++)
You are immune to unholy pain and torment.
You can survive without breathing.


Message History

The thrashing horror tramples you but does no damage.
The thrashing horror tramples you.
* * * LOW HITPOINT WARNING * * *
You hold your ground!
You block the thrashing horror's attack.
The thrashing horror tramples you but does no damage.
The thrashing horror tramples you.
* * * LOW HITPOINT WARNING * * *
You stumble backwards!
Unknown command.
The thrashing horror roars!
The thrashing horror tramples you but does no damage.
You block the thrashing horror's attack.
The thrashing horror roars!
The thrashing horror barely misses you.
The thrashing horror tramples you but does no damage.
The thrashing horror roars!
The thrashing horror tramples you!
You die...
Xom giggles madly!

.##5 # .#...###
##...##..#.#...#
.##.#####...####
# # # #.##.#.#
## §#
#.###.###.# #. #
(#...5#.# .#
#.....##..#
.#.#..# .#X##.#
.> #.. .#@...#
##..##....###..#
##. ##.#. .# #
#. ##. # #


You could see a thrashing horror and a quasit.

Vanquished Creatures
  A stone giant (D:10)
  3 two-headed ogres
  A deep elf mage (D:10)
  A cyclops (D:8)
  A guardian serpent (shapeshifter) (D:10)
  A troll (D:9)
  Prince Ribbit (D:4)
  11 yaks (D:10)
  A small abomination (Abyss:2)
  Menkaure (D:7)
  Edmund (D:4)
  A porcupine (D:9)
  A water moccasin (D:8)
  Duvessa (D:4)
  2 black bears
  3 ice beasts
  A sky beast (D:7)
  3 orc warriors
  3 phantoms
  4 ogres
  2 centaurs
  2 big kobolds (D:8)
  3 bullfrogs
  A gnoll sergeant (D:8)
  Dowan (D:4)
  3 scorpions
  4 killer bees (D:10)
  A howler monkey (D:4)
  3 crimson imps
  2 hounds
  4 jellies
  2 quasits
  A bullfrog zombie (D:5)
  3 orc priests
  8 orc wizards
  Crazy Yiuf (D:7)
  Natasha (thrice) (D:2)
  7 worker ants
  A killer bee zombie (D:10)
  A hound skeleton (D:10)
  Robin (D:4)
  3 gnolls
  9 adders
  2 shadow imps
  An ooze (D:2)
  An adder skeleton (D:7)
  6 worms
  A dart slug (D:1)
  6 leopard geckos
  29 orcs
  2 bats
  7 giant cockroaches
  15 goblins
  11 hobgoblins
  9 jackals
  A quokka (D:7)
  3 ball pythons
  8 frilled lizards
  A jackal skeleton (D:8)
  8 kobolds
  A quokka skeleton (D:4)
  11 rats
231 creatures vanquished.

Vanquished Creatures (collateral kills)
  A sky beast (D:6)
  A gnoll (D:10)
  An orc (D:3)
  A goblin (D:2)
  A frilled lizard (D:2)
  2 rats (D:2)
  A bush (D:1)
8 creatures vanquished.

Vanquished Creatures (others)
  A mana viper (Abyss:2)
  A centaur (D:8)
  A kobold (D:8)
  A lurking horror (Abyss:2)
  12 starspawn tentacles (Abyss:2)
16 creatures vanquished.

Grand Total: 255 creatures vanquished

Notes
Turn   | Place    | Note
-------+----------+-------------------------------------------
     0 | D:1      | XomChosenOne the Mummy Chaos Knight began the quest for the
                  | Orb.
     0 | D:1      | Reached XP level 1. HP: 18/18 MP: 1/1
    90 | D:1      | XOM: harmless Chrm miscast
   170 | D:1      | XOM: divination: detect items
   251 | D:1      | Reached XP level 2. HP: 23/24 MP: 2/2
   668 | D:2      | Noticed Natasha
   672 | D:2      | Killed Natasha
   672 | D:2      | Reached skill level 3 in Long Blades
   672 | D:2      | Reached skill level 1 in Dodging
   672 | D:2      | Reached XP level 3. HP: 22/29 MP: 2/4
   780 | D:2      | Noticed Natasha
   786 | D:2      | Killed Natasha
   786 | D:2      | Reached skill level 1 in Spellcasting
   786 | D:2      | Reached XP level 4. HP: 28/36 MP: 5/5
   828 | D:2      | XOM: noise
   910 | D:2      | XOM: noise
   918 | D:2      | XOM: summons friendly white imp
   924 | D:2      | XOM: 2-stop teleportation journey
  1028 | D:2      | Noticed a moth of wrath
  1031 | D:2      | Found a bloodstained altar of Trog.
  1083 | D:2      | Found a faded altar of an unknown god.
  1083 | D:2      | XOM: cast spell 'Summon Ice Beast'
  1186 | D:1      | XOM: harmless Fire miscast
  1426 | D:2      | XOM: mild Air miscast
  1547 | D:2      | Found a shattered altar of Ashenzari.
  1905 | D:2      | XOM: divination: detect creatures
  1976 | D:2      | Noticed Natasha
  2247 | D:2      | XOM: smoke on damage
  2250 | D:2      | XOM: cleaving
  2252 | D:2      | Killed Natasha
  2252 | D:2      | Reached XP level 5. HP: 21/42 MP: 5/7
  2464 | D:3      | You fall through a shaft!
  2464 | D:4      | XOM: noise
  2465 | D:4      | Noticed Robin
  2477 | D:4      | XOM: god gift: 53 gold pieces
  2514 | D:4      | Killed Robin
  2650 | D:4      | XOM: cloud trail
  2817 | D:4      | Noticed Edmund
  2828 | D:4      | XOM: god gift: 37 gold pieces
  2847 | D:4      | XOM: destruction
  2855 | D:4      | XOM: confuse monster(s)
  2861 | D:4      | Killed Edmund
  2861 | D:4      | Reached skill level 4 in Long Blades
  2861 | D:4      | Reached XP level 6. HP: 35/48 MP: 9/9
  3182 | D:3      | XOM: god gift: coiled ruby amulet {god gift}
  3183 | D:3      | Got a coiled ruby amulet {god gift}
  3191 | D:3      | XOM: summons 2 friendly demons
  3199 | D:3      | XOM: butterfly on damage
  3221 | D:3      | XOM: cleaving
  3223 | D:3      | XOM: summons 2 friendly demons
  3442 | D:4      | XOM: divination: magic mapping
  3483 | D:3      | XOM: summons 2 friendly demons
  3487 | D:4      | XOM: scenery: create altars
  3494 | D:4      | XOM: fake destruction
  3495 | D:4      | Noticed Duvessa
  3495 | D:4      | Noticed Dowan
  3507 | D:4      | Killed Duvessa
  3547 | D:4      | Identified the amulet of Sukk {Reflect rElec Str+3 SH+4}
                  | (Xom gifted it to you on level 3 of the Dungeon)
  3679 | D:4      | Found a staircase to the Ecumenical Temple.
  3679 | D:4      | XOM: 3-stop teleportation journey
  4014 | D:4      | XOM: summons 3 hostile demons
  4032 | Temple   | Entered the Ecumenical Temple
  4165 | D:4      | Reached XP level 7. HP: 48/55 MP: 11/11
  4179 | D:4      | HP: 2/55 [orc wizard/puff of flame (1)]
  4290 | D:4      | XOM: cloud trail
  4503 | D:4      | Killed Dowan
  4561 | D:4      | XOM: god gift: scroll labeled QAERUMIOKEJ {god gift}
  5134 | D:3      | Found a glowing golden altar of the Shining One.
  5138 | D:3      | Found a shimmering altar of Xom.
  5393 | D:5      | Entered Level 5 of the Dungeon
  5394 | D:5      | Noticed Prince Ribbit
  5409 | D:4      | XOM: butterfly on damage
  5413 | D:4      | Killed Prince Ribbit
  5413 | D:4      | Reached skill level 5 in Long Blades
  5612 | D:5      | Found an ornate altar of the Wu Jian Council.
  5688 | D:5      | XOM: god gift: scroll labeled JIUSTAU XEINT {god gift}
  5808 | D:5      | XOM: god gift: scroll of teleportation
  6204 | D:6      | Reached skill level 5 in Fighting
  6204 | D:6      | Reached XP level 8. HP: 56/62 MP: 13/13
  6432 | D:6      | XOM: fog
  6441 | D:6      | XOM: scenery: 1 doors close
  6582 | D:6      | Found a basalt altar of Yredelemnul.
  6610 | D:6      | XOM: harmless Ice miscast
  6615 | D:6      | XOM: enchant monster (good)
  6747 | D:6      | XOM: medium Pois miscast
  6981 | D:6      | XOM: summons friendly ufetubus
  7179 | D:6      | Found a sparkling altar of Nemelex Xobeh.
  7179 | D:6      | Found an opulent altar of Gozag.
  7409 | D:7      | Found a shadowy altar of Dithmenos.
  7635 | D:7      | Reached skill level 6 in Long Blades
  7785 | D:7      | Got a crude war axe
  7786 | D:7      | Identified the +8 war axe "Sonuuh" {elec, Str+3} (You found
                  | it on level 7 of the Dungeon)
  7806 | D:7      | Reached skill level 1 in Shields
  7806 | D:7      | Reached skill level 5 in Spellcasting
  7993 | D:7      | Noticed Menkaure
  8001 | D:7      | Reached XP level 9. HP: 66/69 MP: 16/16
  8012 | D:7      | Killed Menkaure
  8121 | D:7      | XOM: 3-stop teleportation journey
  8416 | D:7      | Found a runed translucent door.
  8417 | D:7      | Noticed Crazy Yiuf
  8427 | D:7      | XOM: medium Hex miscast
  8463 | D:7      | Found Teavygai's Antique Armour Emporium.
  8466 | D:7      | Bought a translucent scale mail for 261 gold pieces
  8476 | D:7      | Identified the +1 scale mail of Autotheism {rC+ Dex+3} (You
                  | bought it in a shop on level 7 of the Dungeon)
  8730 | D:7      | Identified the +1 robe of Dogma {rC++}
  8859 | D:7      | Killed Crazy Yiuf
  8899 | D:7      | XOM: summons 2 hostile shadow creatures
  9103 | D:8      | Found a transporter.
  9104 | D:8      | Noticed crawlian's ghost (novice DEFE)
  9166 | D:8      | XOM: medium Hex miscast
  9199 | D:8      | Found an ancient bone altar of Kikubaaqudgha.
  9239 | D:8      | Noticed a two-headed ogre
  9256 | D:8      | Killed a two-headed ogre
  9264 | D:8      | XOM: harmless Necr miscast
  9379 | D:8      | Found Nennoxza's Antique Weapon Boutique.
  9397 | D:8      | Found a sparkling altar of Nemelex Xobeh.
  9449 | D:8      | Noticed a cyclops
  9449 | D:8      | a hippogriff changed into a cyclops
  9449 | D:8      | XOM: polymorph hippogriff -> cyclops
  9455 | D:8      | XOM: noise
  9459 | D:8      | Killed a cyclops
  9459 | D:8      | Reached skill level 7 in Long Blades
  9776 | D:8      | Found Nimuipla's Distillery.
  9870 | D:8      | Found a transporter.
  9890 | D:8      | Learned a level 1 spell: Animate Skeleton
  9948 | D:8      | Reached XP level 10. HP: 67/77 MP: 19/19
 10088 | D:8      | Found a shadowy altar of Dithmenos.
 10227 | D:8      | Found Cuen's General Store.
 10230 | D:8      | Bought a scroll of identify for 30 gold pieces
 10314 | D:8      | Found a shattered altar of Ashenzari.
 10314 | D:8      | Found a stormy altar of Qazlal.
 10411 | D:9      | Got an ichor-stained ring mail
 10422 | D:9      | Identified the +4 ring mail of the Vaults {Dex+2} (You
                  | found it on level 9 of the Dungeon)
 10460 | D:9      | XOM: enchant monster (good)
 10543 | D:9      | XOM: harmless Ice miscast
 10749 | D:9      | Reached skill level 1 in Necromancy
 10768 | D:9      | Found a glowing silver altar of Zin.
 10831 | D:9      | Found a staircase to the Lair.
 10856 | D:9      | Reached skill level 5 in Armour
 10901 | D:9      | XOM: fog
 11343 | D:9      | XOM: divination: detect items
 11578 | D:9      | Noticed a two-headed ogre
 11584 | D:9      | Killed a two-headed ogre
 11741 | D:9      | XOM: harmless Ice miscast
 11761 | D:9      | XOM: god gift: pair of slimy boots {god gift}
 11762 | D:9      | Got a pair of slimy boots {god gift}
 11768 | D:9      | Identified the -2 pair of boots "Daonin" {rN+ Int+3 Stlth+}
                  | (Xom gifted it to you on level 9 of the Dungeon)
 11784 | D:10     | Entered Level 10 of the Dungeon
 11789 | D:10     | XOM: cast spell 'Discord'
 11981 | D:10     | Noticed a two-headed ogre
 11994 | D:10     | Killed a two-headed ogre
 12096 | D:9      | XOM: harmless Ice miscast
 12152 | D:9      | XOM: cloud trail
 12304 | D:9      | XOM: god gift: robe {god gift}
 12433 | D:10     | XOM: scenery: 1 doors open, 1 doors close
 12454 | D:10     | XOM: potion effect (haste)
 12458 | D:10     | Reached skill level 5 in Shields
 12458 | D:10     | XOM: cleaving
 12461 | D:10     | Reached skill level 8 in Long Blades
 12682 | D:10     | Found a staircase to the Orcish Mines.
 12687 | D:10     | XOM: polymorph killer bee -> gnoll
 12694 | D:10     | XOM: summons 2 friendly demons
 12720 | D:10     | Reached skill level 5 in Dodging
 12722 | D:10     | Reached XP level 11. HP: 47/84 MP: 21/21
 13148 | D:10     | XOM: harmless Erth miscast
 13158 | D:10     | XOM is BORED!
 13158 | D:10     | XOM: medium Chrm miscast
 13197 | D:10     | XOM: noise
 13252 | D:10     | Noticed a deep elf mage
 13263 | D:10     | Killed a deep elf mage
 13475 | Orc:1    | Entered Level 1 of the Orcish Mines
 13529 | Lair:1   | Entered Level 1 of the Lair of Beasts
 13530 | Lair:1   | Noticed Joseph
 13595 | Orc:1    | Noticed a stone giant
 13616 | D:10     | HP: 1/84 [stone giant (19)]
 13988 | D:10     | XOM: butterfly on damage
 13994 | D:10     | XOM: harmless Conj miscast
 13995 | D:10     | XOM: summons 5 hostile demons
 14001 | D:10     | Killed a stone giant
 14376 | Orc:1    | XOM: polymorph troll -> shapeshifter
 14892 | Orc:2    | Entered Level 2 of the Orcish Mines
 14892 | Orc:2    | Noticed an orc sorcerer
 14897 | Orc:2    | Paralysed by an orc sorcerer for 7 turns
 14902 | Orc:2    | Cast into level 2 of the Abyss (Xom)
 14902 | Abyss:2  | Found a corrupted altar of Lugonu.
 14920 | Abyss:2  | Noticed a tentacled starspawn
 14920 | Abyss:2  | Noticed a bone dragon
 14929 | Abyss:2  | XOM: blink monster(s)
 14931 | Abyss:2  | XOM: divine lightning
 14936 | Abyss:2  | Found a corrupted altar of Lugonu.
 14961 | Abyss:2  | Noticed a tentacled starspawn
 14961 | Abyss:2  | XOM: harmless Chrm miscast
 14964 | Abyss:2  | Noticed a thrashing horror
 14971 | Abyss:2  | Noticed a wretched star
 14972 | Abyss:2  | Noticed a tentacled starspawn
 15017 | Abyss:2  | Noticed a spatial maelstrom
 15022 | Abyss:2  | XOM: noise
 15029 | Abyss:2  | XOM: stat loss: -1 Dex (10/11)
 15050 | Abyss:2  | Noticed a starcursed mass
 15079 | Abyss:2  | Noticed a tentacled starspawn
 15088 | Abyss:2  | XOM: silly message
 15093 | Abyss:2  | Noticed an eidolon
 15114 | Abyss:2  | XOM: harmless Erth miscast
 15120 | Abyss:2  | Noticed a great orb of eyes
 15142 | Abyss:2  | a great orb of eyes changed into a shapeshifter
 15142 | Abyss:2  | XOM: polymorph great orb of eyes -> shapeshifter
 15144 | Abyss:2  | Noticed a tentacled starspawn
 15148 | Abyss:2  | XOM: blink monster(s)
 15154 | Abyss:2  | Found a corrupted altar of Lugonu.
 15180 | Abyss:2  | Noticed a sixfirhy
 15258 | Abyss:2  | Noticed an angel
 15330 | Abyss:2  | XOM: mild Tloc miscast
 15358 | Abyss:2  | Noticed a tentacled monstrosity
 15359 | Abyss:2  | Noticed a starcursed mass
 15359 | Abyss:2  | Noticed an orange crystal statue
 15363 | Abyss:2  | Noticed a spatial maelstrom
 15370 | Abyss:2  | Noticed a mana viper
 15378 | Abyss:2  | Killed a mana viper
 15378 | Abyss:2  | XOM: divine lightning
 15378 | Abyss:2  | Noticed a great orb of eyes
 15389 | Abyss:2  | Noticed a thrashing horror
 15399 | Abyss:2  | XOM: summons 1 hostile demon
 15412 | Abyss:2  | Slain by a thrashing horror

Skill      XL: |  1  2  3  4  5  6  7  8  9 10 11 |
---------------+----------------------------------+-----
Long Blades    | 3 4 5 6 7 8 |  8.4
Armour         | 2 3 4 5 |  5.7
Dodging        | 1 2 3 4 5 |  5.3
Spellcasting   | 1 2 3 5 6 7 |  7.6
Fighting       | 4 5 6 7 |  7.4
Shields        | 1 3 5 |  5.8
Necromancy     | 2 3 |  3.4

Action                   |  1- 3 |  4- 6 |  7- 9 | 10-12 || total
-------------------------+-------+-------+-------+-------++-------
Melee: Falchion          |    66 |   116 |    85 |       ||   267
       Dagger            |       |   130 |   190 |       ||   320
       War axe           |       |       |    27 |   132 ||   159
       Scimitar          |       |       |   207 |   147 ||   354
Evoke: Wand              |       |       |    12 |    11 ||    23
  Use: Scroll            |       |     4 |     2 |    18 ||    24
 Stab: Confused          |       |     1 |       |       ||     1
       Paralysed         |       |       |     6 |       ||     6
Armor: Leather armour    |    19 |    69 |     8 |       ||    96
       Scale mail        |       |       |   118 |    40 ||   158
       Plate armour      |       |       |       |   112 ||   112
Dodge: Dodged            |    34 |   142 |   158 |    99 ||   433
Block: Other             |       |     8 |    28 |       ||    36
       Reflection        |       |       |    14 |     2 ||    16
       Shield            |       |       |   165 |   215 ||   380
       Rpst.: Falchion   |     9 |    23 |     9 |       ||    41
       Scimitar          |       |       |     8 |    16 ||    24
